 Dungeon Crawl Stone Soup version 0.31-a0-198-g2ad674f65e (webtiles) character file.

Game seed: 14120899081035500150

382 qw the Skirmisher (level 6, -1/35 HPs)
             Began as a Deep Elf Hunter on June 25, 2023.
             Slain by an elf zombie (3 damage)
             ... in an ossuary.
             The game lasted 00:01:08 (2482 turns).

qw the Skirmisher (Deep Elf Hunter)                 Turns: 2482, Time: 00:01:08

Health: -1/35      AC:  6    Str: 10    XL:     6   Next: 47%
Magic:  8/8        EV: 11    Int: 14    God:
Gold:   291        SH:  5    Dex: 18    Spells: 5/5 levels left

rFire   . . .        Y - +0 shortbow (flame)
rCold   . . .        (shield currently unavailable)
rNeg    . . .        d - +0 ring mail
rPois   +            (no helmet)
rElec   .            (no cloak)
rCorr   +            (no gloves)
SInv    .            c - +0 pair of boots
Will    .....        e - amulet of reflection
Stlth   +            h - ring of resist corrosion
HPRegen 0.25/turn    f - ring of poison resistance
MPRegen 0.11/turn

%: reflection
@: no status effects
A: no striking features
a: no special abilities


You were in an ossuary.
You visited 1 branch of the dungeon, and saw 4 of its levels.
You also visited: Ossuary.

You collected 291 gold pieces.


   Skills:
 - Level 2.0 Fighting
 - Level 10.0 Ranged Weapons
 + Level 2.7 Dodging
 - Level 1.2 Stealth


You had 5 spell levels left.
You didn't know any spells.
Your spell library was empty.

Inventory:

Hand Weapons
 Y - a +0 shortbow of flaming (weapon)
Armour
 c - a +0 pair of boots (worn)
 d - a +0 ring mail (worn)
Jewellery
 e - an amulet of reflection (around neck)
 f - a ring of poison resistance (right hand)
 h - a ring of resist corrosion (left hand)
Potions
 a - a potion of brilliance {unknown}
 b - a potion of attraction {unknown}
 g - a potion of curing {unknown}

Dungeon Overview and Level Annotations

Branches:
Dungeon (4/15)            Ossuary (1/1)
 Temple: D:4-7

Altars:
Gozag

Shops:
D:1 (


Message History

The elf zombie is heavily damaged.
You block the rat zombie's attack. x2
The rat zombie bites you but does no damage.
The goblin zombie hits you but does no damage.
The jackal zombie bites you but does no damage.
The elf zombie hits you. You block the jackal zombie's attack.
The elf zombie hits you.
You shoot an arrow. The arrow hits the elf zombie!
The arrow burns the elf zombie.
The elf zombie is severely damaged.
The jackal zombie bites you. x2; The rat zombie completely misses you.
The rat zombie bites you but does no damage.
The goblin zombie barely misses you. The rat zombie closely misses you.
The elf zombie hits you.
The elf zombie hits you but does no damage.
You shoot an arrow. The arrow hits the elf zombie.
The arrow burns the elf zombie.
The elf zombie is severely damaged.
The jackal zombie barely misses you. You block the jackal zombie's attack.
The rat zombie bites you but does no damage.
The rat zombie barely misses you. The rat zombie closely misses you.
You block the goblin zombie's attack. The elf zombie completely misses you.
The elf zombie hits you. The jackal zombie barely misses you.
The jackal zombie bites you but does no damage.
You shoot an arrow.
The arrow hits the elf zombie but does no damage.
The elf zombie is severely damaged.
The jackal zombie barely misses you.
The rat zombie bites you but does no damage.
You block the jackal zombie's attack. The rat zombie bites you.
The rat zombie barely misses you. The elf zombie hits you.
The elf zombie misses you. The goblin zombie closely misses you.
You shoot an arrow. The arrow hits the elf zombie.
The arrow burns the elf zombie.
The elf zombie is severely damaged.
You block the jackal zombie's attack. The jackal zombie closely misses you.
The rat zombie barely misses you.
The rat zombie bites you but does no damage.
The elf zombie hits you.
You die...

...............
...............
...............
...............
...............
.......ZZ......
......ZZZ......
......Z@ZZ.....
......ZZZ......
...............
...............
...............
...............
...............
...............


You could see 3 rat zombies, 2 jackal zombies, 2 goblin zombies, a hobgoblin
zombie, 2 elf zombies and a human zombie.

Vanquished Creatures
  A scorpion (D:4)
  A jelly (D:4)
  2 hounds
  Ijyb (D:3)
  2 iguanas (D:4)
  A hound zombie (Ossuary)
  5 adders
  An ufetubus (D:4)
  A worm (D:4)
  7 orcs
  7 ball pythons
  5 endoplasms
  6 giant cockroaches
  5 hobgoblins
  10 jackals
  2 quokkas
  5 bats
  5 frilled lizards
  10 goblins
  A hobgoblin zombie (D:4)
  3 kobolds
  3 rats
  A rat zombie (D:4)
85 creatures vanquished.

Notes
Turn   | Place    | Note
-------+----------+-------------------------------------------
     0 | D:1      | qw the Deep Elf Hunter began the quest for the Orb.
     0 | D:1      | Reached XP level 1. HP: 12/12 MP: 3/3
     0 | D:1      | 0 ||| qw: Version: 0.3-a-22-g0ed2b0b
     0 | D:1      | 0 ||| qw: Game counter: 4925
     0 | D:1      | 0 ||| qw: Melee chars always use a shield: true
     0 | D:1      | 0 ||| qw: God list: Okawaru
     0 | D:1      | 0 ||| qw: Allow faded altars: false
     0 | D:1      | 0 ||| qw: Do Orc after clearing Dungeon:15 true
     0 | D:1      | 0 ||| qw: Do second Lair branch before Depths: true
     0 | D:1      | 0 ||| qw: Lair rune preference: random
     0 | D:1      | 0 ||| qw: Goals: Normal
     0 | D:1      | 0 ||| PLANNING D:1-11
    64 | D:1      | Reached skill level 6 in Ranged Weapons
    64 | D:1      | Reached XP level 2. HP: 12/16 MP: 4/4
   210 | D:1      | Found Gucof's Weapon Emporium.
   264 | D:1      | Found a faded altar of an unknown god.
   439 | D:1      | 439 ||| UPGRADING to +0 ring mail.
   449 | D:1      | 449 ||| DROPPING +0 leather armour.
   450 | D:1      | 450 ||| DROPPING scroll of butterflies.
   473 | D:2      | 473 ||| STAIRDANCE
   583 | D:2      | Reached XP level 3. HP: 20/20 MP: 5/5
   727 | D:2      | Reached skill level 7 in Ranged Weapons
  1020 | D:2      | 1020 ||| UPGRADING to ring of resist corrosion.
  1021 | D:2      | 1021 ||| READING scroll labelled COEBRA LIVUE.
  1022 | D:2      | 1022 ||| READING scroll labelled XUNUCKILIS.
  1023 | D:2      | 1023 ||| READING scroll labelled ZAOKHO QISHRO.
  1024 | D:2      | 1024 ||| READING scroll labelled UZAXOTA JENEA.
  1069 | D:3      | Reached XP level 4. HP: 21/25 MP: 6/6
  1189 | D:3      | Found an opulent altar of Gozag.
  1232 | D:3      | Noticed Ijyb
  1259 | D:3      | HP: 3/25 [Ijyb/+0 club (5)]
  1260 | D:3      | Killed Ijyb
  1261 | D:3      | Reached skill level 8 in Ranged Weapons
  1440 | D:3      | Reached XP level 5. HP: 27/29 MP: 7/7
  1932 | D:3      | 1932 ||| UPGRADING to +0 pair of boots.
  1937 | D:3      | 1937 ||| READING scroll labelled AFRA EJAEFA.
  1971 | D:4      | 1971 ||| PLANNING OSSUARY
  2006 | D:4      | Reached skill level 9 in Ranged Weapons
  2032 | D:4      | 2032 ||| FLEEEEING.
  2036 | D:4      | 2036 ||| STAIRDANCE
  2195 | D:4      | Reached XP level 6. HP: 28/35 MP: 8/8
  2321 | D:4      | Reached skill level 10 in Ranged Weapons
  2382 | D:4      | Found a sand-covered staircase.
  2384 | D:4      | 2384 ||| UPGRADING to amulet of reflection.
  2389 | D:4      | 2389 ||| UPGRADING to ring of poison resistance.
  2390 | D:4      | 2390 ||| READING scroll labelled ZINKINKOGAN.
  2391 | D:4      | 2391 ||| READING scroll labelled RIRISU GEOLICH.
  2464 | Ossuary  | Entered an ossuary
  2479 | Ossuary  | HP: 7/35 [elf zombie (5)]
  2481 | Ossuary  | HP: 1/35 [elf zombie (4)]
  2482 | Ossuary  | Slain by an elf zombie

Levels and vault maps discovered:
D:1:      scummos_arrival_checkerplants, layout_basic, basic_ecumenical_altar,
          serial_shops, nicolae_shop_stone
D:2:      layout_rooms
D:3:      kennysheep_the_goblin_king, layout_loops_ring, grunt_gozag_statues
D:4:      minmay_recursive_quarters, layout_cave_pools, marbit_many_paths,
          enter_ossuary_3, minmay_surrounded
Ossuary:  ossuary_minmay_tomb_2a

Skill      XL: |  1  2  3  4  5  6 |
---------------+-------------------+-----
Ranged Weapons | 6 7 8 9 10 | 10.0
Fighting       | 2 |  2.0
Dodging        | |  2.7
Stealth        | |  1.2

Action                     |  1- 3 |  4- 6 || total
---------------------------+-------+-------++-------
   Fire: Shortbow          |   107 |   176 ||   283
    Use: Scroll            |     4 |     3 ||     7
 Armour: Leather armour    |     5 |       ||     5
         Ring mail         |    11 |    53 ||    64
  Dodge: Dodged            |    53 |   111 ||   164
  Block: Other             |       |    16 ||    16

Table legend:
 A = Non-vault XP
 B = Vault XP
 C = Vault XP percentage of total XP
 D = Non-vault monster count
 E = Vault monster count
 F = Vault count percentage of total count
                 A         B        C        D         E       F
            +---------+---------+-------+---------+---------+-------
      Total |     294 |     253 |  46.3 |      64 |      21 |  24.7
            +---------+---------+-------+---------+---------+-------
        D:1 |      36 |       0 |   0.0 |      15 |       0 |   0.0
        D:2 |      48 |       0 |   0.0 |      14 |       0 |   0.0
        D:3 |      75 |      48 |  39.0 |      21 |       7 |  25.0
        D:4 |     135 |     185 |  57.8 |      14 |      13 |  48.1
    Ossuary |       0 |      20 | 100.0 |       0 |       1 | 100.0
            +---------+---------+-------+---------+---------+-------
